[Event "Titled Tuesday Blitz July 4 Early 2023"]
[White "KorolDimitriy75"]
[Black "Akhmetov, Ayan"]
[BlackFideId "13703706"]
[WhiteElo "2421"]
[BlackElo "2581"]
[Result "1-0"]
[Round "6"]
[TimeControl "180+2"]
[Date "2023.07.04"]
[WhiteClock "0:00:09"]
[BlackClock "0:01:05"]
[Board "127"]

1. d4 e6 2. c4 b6 3. Nc3 Bb7 4. Qc2 Bb4 5. Bd2 f5 6. Nf3 Nf6 7. e3 O-O 8. Be2 d6 9. O-O Nbd7 10. Rfd1 Bxc3 11. Bxc3 Ne4 12. Be1 g5 13. Nd2 g4 14. Nxe4 Bxe4 15. Bd3 Bxd3 16. Qxd3 Rf6 17. e4 f4 18. e5 Rh6 19. Qe4 f3 20. Bd2 Rh5 21. exd6 Nf6 22. Qxe6+ Kg7 23. Bf4 cxd6 24. Bxd6 Qe8 25. Re1 Qg6 26. Be7 Rf5 27. Re5 Rxe5 28. Qxe5 Kf7 29. Bxf6 Qxf6 30. Qxf6+ Kxf6 31. Re1 Rd8 32. d5 b5 33. b3 bxc4 34. bxc4 Rc8 35. gxf3 gxf3 36. Re3 Rg8+ 37. Kf1 Rg4 38. Rxf3+ Ke5 39. Rc3 Rd4 40. Ke2 Re4+ 41. Re3 1-0


[Site "https://www.chess.com"]

[Event "Titled Tuesday Blitz July 4 Early 2023"]
[White "Grossboss19"]
[Black "Moral Garcia, Serafin"]
[BlackFideId "2201925"]
[WhiteElo "2417"]
[BlackElo "2581"]
[Result "1-0"]
[Round "6"]
[TimeControl "180+2"]
[Date "2023.07.04"]
[WhiteClock "0:00:10"]
[BlackClock "0:00:55"]
[Board "128"]

1. c4 e5 2. Nf3 Nc6 3. Nc3 Nf6 4. d4 exd4 5. Nxd4 Bb4 6. Nc2 Bxc3+ 7. bxc3 Ne5 8. e3 d6 9. Be2 Be6 10. Na3 O-O 11. O-O Qd7 12. f3 Qc6 13. Qd4 Rfe8 14. e4 Ned7 15. Bg5 h6 16. Bh4 Qa4 17. Nb5 Qa5 18. a4 a6 19. Na3 Qc5 20. Bf2 Qa5 21. Bh4 Nh7 22. Nc2 Nc5 23. Ra3 Qb6 24. Ne3 Bd7 25. Bf2 Nxa4 26. Nd5 Qxd4 27. cxd4 Rac8 28. Rb1 b6 29. Bd1 b5 30. Be2 c6 31. Nb4 Ra8 32. c5 dxc5 33. dxc5 a5 34. Nd3 Be6 35. Ne5 Rec8 36. Rc1 Nb2 37. Rc2 b4 38. Ra1 f6 39. Ng4 Na4 40. Rxa4 Bb3 41. Bc4+ Bxc4 42. Rxc4 Nf8 43. Ne3 Ne6 44. Nf5 Rcb8 45. Rc2 Kf7 46. Nd4 Nxd4 47. Bxd4 Rd8 48. Be3 Rd3 49. Kf2 b3 50. Rb2 Rc3 51. Ke2 Rd8 52. Rxa5 Rdd3 53. Bf2 Rc2+ 54. Rxc2 bxc2 55. Ra1 Rc3 56. Rc1 Ke6 57. Kd2 Rb3 58. Rxc2 Rb5 59. Be3 Rb1 60. Kd3 Rh1 61. h3 Rh2 62. Bf4 Rh1 63. Bd6 g5 64. Ke3 f5 65. exf5+ Kxf5 66. Kf2 Rd1 67. Re2 Rc1 68. Re5+ Kg6 69. Re6+ Kh5 70. g4+ Kh4 71. Rxh6# 1-0


[Site "https://www.chess.com"]

[Event "Titled Tuesday Blitz July 4 Early 2023"]
[White "Romero Ruscalleda, Josep"]
[Black "Ezat, Mohamed"]
[WhiteFideId "2231859"]
[BlackFideId "10600906"]
[WhiteElo "2416"]
[BlackElo "2575"]
[Result "0-1"]
[Round "6"]
[TimeControl "180+2"]
[Date "2023.07.04"]
[WhiteClock "0:00:35"]
[BlackClock "0:00:27"]
[Board "129"]

1. e4 c6 2. Nc3 d5 3. Nf3 Bg4 4. h3 Bh5 5. d4 e6 6. Bf4 Bb4 7. exd5 cxd5 8. Bb5+ Nc6 9. O-O Nf6 10. a3 Bxc3 11. bxc3 O-O 12. Bg5 h6 13. Bh4 g5 14. Bg3 Ne4 15. Qd3 Qa5 16. c4 Bg6 17. Bxc6 Nxg3 18. Qd1 Nxf1 19. Bxb7 Rab8 20. Rb1 Qc7 21. Ba6 Rxb1 22. Qxb1 dxc4 23. Qxf1 c3 24. Qe2 Rb8 25. Ne5 Rb1+ 26. Kh2 f6 27. Qc4 Qxc4 28. Nxc4 Bxc2 29. Ne3 Be4 30. Bc4 Kf7 31. f3 c2 0-1


[Site "https://www.chess.com"]

[Event "Titled Tuesday Blitz July 4 Early 2023"]
[White "Becerra, Juan David"]
[Black "Carrasco Miranda, Andres"]
[WhiteFideId "4404998"]
[BlackFideId "3405990"]
[WhiteElo "2569"]
[BlackElo "2409"]
[Result "1-0"]
[Round "6"]
[TimeControl "180+2"]
[Date "2023.07.04"]
[WhiteClock "0:00:17"]
[BlackClock "0:00:00"]
[Board "130"]

1. e4 e5 2. Nf3 Nc6 3. Bb5 Nf6 4. Nc3 Nd4 5. Bc4 Bc5 6. d3 d6 7. Nxd4 Bxd4 8. Ne2 Bb6 9. h3 O-O 10. O-O c6 11. Bb3 Be6 12. c3 Nh5 13. Be3 Qh4 14. Bxb6 axb6 15. Kh2 b5 16. Bxe6 fxe6 17. g3 Qe7 18. Ng1 Nf6 19. a3 Rf7 20. Qe2 Raf8 21. f4 exf4 22. Rxf4 Nd7 23. Raf1 e5 24. Rxf7 Rxf7 25. Rxf7 Qxf7 26. Kg2 Nc5 27. Nf3 h6 28. d4 exd4 29. cxd4 Ne6 30. e5 Qg6 31. Qd2 d5 32. h4 Qe4 33. Qf2 b6 34. b4 g5 35. Kh2 gxh4 36. Nxh4 Qxd4 37. Qf6 Ng5 38. Qg6+ Kf8 39. Qxh6+ Ke8 40. Qxg5 Qf2+ 41. Ng2 d4 42. e6 d3 43. Qg6+ Ke7 44. Qxd3 Kxe6 45. Qe3+ 1-0


[Site "https://www.chess.com"]

[Event "Titled Tuesday Blitz July 4 Early 2023"]
[White "Arat, Ufuk Sezen"]
[Black "Rios Escobar, Adan"]
[WhiteFideId "6309089"]
[BlackFideId "3403645"]
[WhiteElo "2567"]
[BlackElo "2408"]
[Result "1-0"]
[Round "6"]
[TimeControl "180+2"]
[Date "2023.07.04"]
[WhiteClock "0:01:54"]
[BlackClock "0:00:00"]
[Board "131"]

1. e4 c5 2. Nf3 d6 3. d4 cxd4 4. Nxd4 Nf6 5. Nc3 a6 6. Be3 e5 7. Nf3 Be7 8. Bc4 Be6 9. Bb3 O-O 10. O-O Nc6 11. Qe2 Qc7 12. Rad1 b5 13. a3 Ng4 14. Nd5 Qd8 15. h3 Nxe3 16. Qxe3 Na5 17. Ba2 Nc4 18. Bxc4 bxc4 19. a4 Rb8 20. b3 cxb3 21. cxb3 Qd7 22. a5 Bd8 23. Nxe5 Qe8 24. Nc4 Rb5 25. Nxd6 Qd7 26. Nxb5 Qxb5 27. b4 Bxd5 28. Rxd5 Qxb4 29. Qc5 Qxc5 30. Rxc5 Bf6 31. Rb1 g6 32. Rc6 Bd4 33. Rxa6 Re8 34. Rd6 Rxe4 35. a6 Bc5 36. Rc6 Bd4 37. Kf1 Rf4 38. Rc4 1-0


[Site "https://www.chess.com"]

[Event "Titled Tuesday Blitz July 4 Early 2023"]
[White "Kuznetsov, Mikhail"]
[Black "ArtemDyachuk"]
[WhiteFideId "4117190"]
[WhiteElo "2401"]
[BlackElo "2563"]
[Result "1-0"]
[Round "6"]
[TimeControl "180+2"]
[Date "2023.07.04"]
[WhiteClock "0:00:04"]
[BlackClock "0:00:03"]
[Board "132"]

1. Nf3 Nf6 2. g3 b5 3. Bg2 Bb7 4. O-O e6 5. d3 d5 6. c4 dxc4 7. dxc4 Qxd1 8. Rxd1 bxc4 9. Ne5 Bxg2 10. Kxg2 Nbd7 11. Nxc4 Nb6 12. Na5 Nfd5 13. a3 c5 14. e4 Nf6 15. f3 Be7 16. Be3 Nfd7 17. Nc3 Ne5 18. b3 O-O 19. f4 Ng4 20. Bg1 f5 21. e5 Rac8 22. h3 Nh6 23. Nb5 c4 24. Nxa7 Rb8 25. N7c6 cxb3 26. Nxe7+ Kf7 27. Nec6 b2 28. Rab1 Na4 29. Nxb8 Rxb8 30. Bd4 Kg6 31. Nc4 Rb3 32. Nxb2 Rxa3 33. Nxa4 Rxa4 34. Bf2 Nf7 35. Rb6 Kh5 36. Rxe6 Ra2 37. Kf3 Ra3+ 38. Be3 Nh6 39. g4+ Kh4 40. g5 Ng4 41. hxg4 fxg4+ 42. Ke4 g3 43. g6 g2 44. gxh7 Kg3 45. h8=Q Ra4+ 46. Bd4 Ra3 47. Qxg7+ Kh2 48. Rh6+ Rh3 49. Rxh3+ Kxh3 50. Bf2 g1=Q 51. Rxg1 Kh2 52. Qg3# 1-0


[Site "https://www.chess.com"]

[Event "Titled Tuesday Blitz July 4 Early 2023"]
[White "Buscar, Michael"]
[Black "Nefedov, Sergey"]
[WhiteFideId "2603616"]
[BlackFideId "24113417"]
[WhiteElo "2394"]
[BlackElo "2561"]
[Result "0-1"]
[Round "6"]
[TimeControl "180+2"]
[Date "2023.07.04"]
[WhiteClock "0:00:06"]
[BlackClock "0:01:03"]
[Board "133"]

1. d4 d5 2. c4 e6 3. cxd5 exd5 4. Nf3 c6 5. Nc3 Nf6 6. Bg5 Be6 7. e3 Nbd7 8. Bd3 Bd6 9. O-O Qb8 10. Bh4 O-O 11. Bg3 Bxg3 12. hxg3 Qd6 13. Rb1 a6 14. b4 b5 15. a4 Nb6 16. a5 Nc4 17. Bxc4 bxc4 18. Na4 Bf5 19. Rb2 Nd7 20. Nc5 Rfb8 21. Qd2 Rb5 22. Re1 Qb8 23. Nxd7 Bxd7 24. Ne5 Qd6 25. Nxd7 Qxd7 26. Reb1 Rab8 27. Kf1 Re8 28. Ke1 Qg4 29. Qe2 Qe4 30. Qf3 Qxd4 31. Kf1 Qd3+ 32. Kg1 c3 33. Rb3 c2 0-1


[Site "https://www.chess.com"]

[Event "Titled Tuesday Blitz July 4 Early 2023"]
[White "Frolyanov, Dmitry"]
[Black "Gaal, Zsoka"]
[WhiteFideId "4151976"]
[BlackFideId "777765"]
[WhiteElo "2543"]
[BlackElo "2384"]
[Result "1-0"]
[Round "6"]
[TimeControl "180+2"]
[Date "2023.07.04"]
[WhiteClock "0:01:38"]
[BlackClock "0:00:15"]
[Board "134"]

1. d4 f5 2. g3 Nf6 3. Bg2 g6 4. Nd2 Bg7 5. e4 fxe4 6. Nxe4 Nxe4 7. Bxe4 O-O 8. Be3 c5 9. dxc5 Bxb2 10. Rb1 Bc3+ 11. Kf1 d6 12. h4 dxc5 13. Qe2 Bg7 14. h5 Qd6 15. hxg6 hxg6 16. Nf3 Nc6 17. Ng5 Nd4 18. Qc4+ Be6 19. Nxe6 Qxe6 20. Bd5 1-0


[Site "https://www.chess.com"]

[Event "Titled Tuesday Blitz July 4 Early 2023"]
[White "Duarte, Leonardo"]
[Black "Bruedigam, Martin"]
[WhiteFideId "110582"]
[BlackFideId "24608033"]
[WhiteElo "2383"]
[BlackElo "2535"]
[Result "0-1"]
[Round "6"]
[TimeControl "180+2"]
[Date "2023.07.04"]
[WhiteClock "0:00:11"]
[BlackClock "0:00:22"]
[Board "135"]

1. e4 e5 2. Nf3 Nc6 3. Bc4 Bc5 4. c3 Nf6 5. d3 a6 6. O-O d6 7. a4 Ba7 8. Re1 O-O 9. h3 Ne7 10. d4 Ng6 11. Bd3 h6 12. Nbd2 Re8 13. Nf1 c5 14. Bc2 b5 15. Ng3 Qc7 16. Be3 Bd7 17. Qd2 Kh7 18. Red1 Bb6 19. dxc5 dxc5 20. Qd6 Qxd6 21. Rxd6 Bc7 22. Rd2 c4 23. Rad1 Bc6 24. Nf5 Kg8 25. Nd6 Red8 26. h4 Ng4 27. Bc5 Nf8 28. Ba3 Ne6 29. g3 h5 30. Kg2 Rd7 31. Nf5 Rxd2 32. Rxd2 Kh7 33. Ne7 Be8 34. Nd5 Bd8 35. Ne3 Nxe3+ 36. fxe3 f6 37. Bd1 Bc6 38. Rd6 Bxe4 39. Rxe6 Bc7 40. Re7 Bb6 41. Rd7 Bxe3 42. Be2 Rb8 43. axb5 axb5 44. Bb4 Ra8 45. Ba3 b4 46. cxb4 c3 47. b5 c2 48. Rc7 c1=Q 49. Rxc1 Bxc1 50. b6 Rb8 51. Bc5 Bxb2 52. Kf2 Bxf3 53. Bxf3 Bd4+ 54. Bxd4 exd4 55. b7 Kg8 56. Ke2 Kf7 57. Kd3 Ke6 58. Kxd4 Kd6 59. Ke3 Kc7 60. Kf4 g6 61. g4 hxg4 62. Kxg4 Rh8 63. Kg3 Rh6 64. Be4 Kb8 65. Bf3 Rh7 66. Be4 Rg7 67. Bf3 Rxb7 68. Bxb7 Kxb7 69. Kf4 Kc6 70. h5 gxh5 71. Kf5 h4 72. Kg4 Kd5 73. Kxh4 Ke4 74. Kg3 f5 75. Kg2 Ke3 76. Kg1 Ke2 77. Kg2 f4 0-1


[Site "https://www.chess.com"]

[Event "Titled Tuesday Blitz July 4 Early 2023"]
[White "Wartiovaara, Oliver"]
[Black "Hajiyev, Kanan"]
[WhiteFideId "513024"]
[BlackFideId "13404148"]
[WhiteElo "2381"]
[BlackElo "2531"]
[Result "1-0"]
[Round "6"]
[TimeControl "180+2"]
[Date "2023.07.04"]
[WhiteClock "0:00:52"]
[BlackClock "0:01:48"]
[Board "136"]

1. e4 c6 2. d4 d5 3. exd5 cxd5 4. Bd3 Nc6 5. c3 Qc7 6. h3 Nf6 7. Nf3 g6 8. O-O Bg7 9. Nbd2 O-O 10. Re1 Bf5 11. Bf1 Ne4 12. Nb3 a5 13. Be3 a4 14. Nc5 Nxc5 15. dxc5 e5 16. Qxd5 Rad8 17. Qc4 a3 18. b4 Be6 19. Qh4 f5 20. Ng5 Bf6 21. Nxe6 Bxh4 22. Nxc7 f4 23. Bc4+ Kh8 24. Bc1 Rd7 25. Ne6 Re8 26. Bxa3 Bf6 27. Nxf4 Rd2 28. Ne2 e4 29. Bc1 Rc2 30. Rb1 Rd8 31. Be3 Bxc3 32. Nxc3 Rxc3 33. Bb5 Ne5 34. Bg5 Rf8 35. Rxe4 Nd3 36. Re3 Rc1+ 37. Rxc1 Nxc1 38. Ra3 Kg7 39. Bxc1 Rd8 40. Be3 Rd1+ 41. Kh2 h5 42. Bc4 h4 43. Be2 Re1 44. Bf3 Kf6 45. Bxb7 g5 46. c6 g4 47. hxg4 h3 48. gxh3 Kg6 49. c7 Rc1 50. c8=Q Rxc8 51. Bxc8 Kf6 52. Bf5 Ke5 53. f4+ Kf6 54. Ra6+ Kg7 55. Bd4+ Kf7 56. g5 Ke7 57. Be5 Kf7 58. g6+ Ke8 59. Ra7 Kf8 60. g7+ Kg8 61. Be6+ Kh7 62. g8=Q+ Kh6 63. Rh7# 1-0


[Site "https://www.chess.com"]

[Event "Titled Tuesday Blitz July 4 Early 2023"]
[White "Topalov, Aleksandar"]
[Black "Karamsetty, Jeevan"]
[WhiteFideId "925659"]
[BlackFideId "2025337"]
[WhiteElo "2378"]
[BlackElo "2527"]
[Result "1-0"]
[Round "6"]
[TimeControl "180+2"]
[Date "2023.07.04"]
[WhiteClock "0:00:07"]
[BlackClock "0:00:14"]
[Board "137"]

1. b3 e5 2. Bb2 Nc6 3. c4 d6 4. e3 Nf6 5. Nf3 Be7 6. d4 e4 7. d5 exf3 8. dxc6 fxg2 9. Bxg2 Rb8 10. Nc3 bxc6 11. Bxc6+ Bd7 12. Bf3 Qc8 13. Rg1 Rg8 14. Qd4 Bf5 15. O-O-O Qa6 16. e4 Bg6 17. Kb1 Nd7 18. Nd5 Bd8 19. Bh1 f6 20. f4 Bf7 21. Rde1 c6 22. Nc3 Bb6 23. Qxd6 Bc5 24. Qd3 Bxg1 25. Rxg1 Nc5 26. Qc2 Qb6 27. Rd1 Rd8 28. Rxd8+ Qxd8 29. Bf3 Qd3 30. Be2 Qxc2+ 31. Kxc2 Ne6 32. f5 Nd4+ 33. Kd3 Nxe2 34. Kxe2 Kd7 35. Na4 Bh5+ 36. Ke3 Kc7 37. Bd4 Ra8 38. Nc5 Bf7 39. e5 fxe5 40. Bxe5+ Kc8 41. Bxg7 a5 42. Kd4 Kd8 43. Ke5 Ke8 44. Kd6 Rc8 45. Nb7 Bh5 46. Kc5 Rc7 47. Nxa5 Rxg7 48. Nxc6 Bf3 49. Ne5 Be4 50. b4 Ra7 51. f6 Rxa2 52. b5 Bg2 53. f7+ Ke7 54. Kb6 Re2 55. Nc6+ Bxc6 56. bxc6 Re6 57. Kb7 Kxf7 58. c7 Re7 59. Kb8 Rxc7 60. Kxc7 Ke6 61. Kb6 h5 62. c5 h4 63. c6 Kf5 64. c7 Kf4 65. c8=Q Kf3 66. Qg8 Kf4 67. h3 Kf3 68. Qg4+ Kf2 69. Qxh4+ Kg2 70. Qg4+ Kh2 71. h4 Kh1 72. h5 Kh2 73. h6 Kh1 74. h7 Kh2 75. h8=Q# 1-0


[Site "https://www.chess.com"]

[Event "Titled Tuesday Blitz July 4 Early 2023"]
[White "Ljukin, Sergei"]
[Black "Fernandez Siles, Luis"]
[WhiteFideId "14102200"]
[BlackFideId "2209420"]
[WhiteElo "2527"]
[BlackElo "2374"]
[Result "0-1"]
[Round "6"]
[TimeControl "180+2"]
[Date "2023.07.04"]
[WhiteClock "0:00:00"]
[BlackClock "0:00:01"]
[Board "138"]

1. e4 c5 2. Nf3 Nc6 3. d4 cxd4 4. Nxd4 Nf6 5. Nc3 e5 6. Ndb5 d6 7. Nd5 Nxd5 8. exd5 Nb8 9. a4 Be7 10. Be2 O-O 11. O-O f5 12. f4 a6 13. Na3 Nd7 14. Nc4 exf4 15. Bxf4 Nc5 16. a5 Ne4 17. Nb6 Rb8 18. c4 Bf6 19. Qc2 Bd4+ 20. Kh1 Nf2+ 21. Kg1 Nh3+ 22. Kh1 Nxf4 23. Rxf4 Bxb6 24. axb6 Qxb6 25. Bd3 g6 26. Raf1 Bd7 27. g4 fxg4 28. Bxg6 Rxf4 29. Rxf4 Qe3 30. Rf7 g3 31. Rxd7 g2+ 32. Qxg2 Qe1+ 33. Qg1 Qxg1+ 34. Kxg1 hxg6 35. Rxd6 Kf7 36. Rd7+ Kf6 37. b3 a5 38. Kf2 b5 39. c5 a4 40. bxa4 bxa4 41. Ra7 Rb5 42. c6 Rxd5 43. c7 Rc5 44. Ra6+ Kf5 45. Ra5 Rxa5 46. c8=Q+ Ke4 47. Qe8+ Re5 48. Qxa4+ Kf5 49. Qd7+ Kf6 50. Qd8+ Kf7 51. Qd7+ Kf6 0-1


[Site "https://www.chess.com"]

[Event "Titled Tuesday Blitz July 4 Early 2023"]
[White "Kukreja Sankalp"]
[Black "Turzo, Attila"]
[WhiteFideId "45027676"]
[BlackFideId "704954"]
[WhiteElo "2374"]
[BlackElo "2526"]
[Result "1-0"]
[Round "6"]
[TimeControl "180+2"]
[Date "2023.07.04"]
[WhiteClock "0:01:39"]
[BlackClock "0:01:06"]
[Board "139"]

1. e4 d6 2. d4 Nf6 3. Nc3 g6 4. Nf3 Bg7 5. Bc4 O-O 6. O-O a6 7. a4 Nxe4 8. Nxe4 d5 9. Bd3 dxe4 10. Bxe4 Nd7 11. Bf4 c5 12. d5 Bxb2 13. Rb1 Bg7 14. d6 exd6 15. Bxd6 Re8 16. Bxb7 Bxb7 17. Rxb7 Nb6 18. a5 Nc4 19. Bxc5 Nxa5 20. Rd7 Qf6 21. Bd4 Qf5 22. Bxg7 Kxg7 23. Rd5 Qe4 24. Rxa5 Rac8 25. Rxa6 Rxc2 26. Qa1+ Kg8 27. Re1 Re2 28. Rxe2 Qxe2 29. Ra8 Rxa8 30. Qxa8+ Kg7 31. Qa1+ Kg8 32. Qe1 Qb2 33. Qe8+ Kg7 34. Qe5+ Qxe5 35. Nxe5 Kf6 36. Nf3 Kf5 37. Kf1 f6 38. Ke2 Ke4 39. Nd2+ Kd4 40. f4 h5 41. Kf3 f5 42. Nf1 Kd3 43. Ne3 Kd4 44. g3 Kc5 45. Ng2 Kd6 46. Nh4 Ke6 47. Nxg6 Kf6 48. Nh4 Ke6 49. h3 Kf6 50. Nxf5 Kxf5 51. g4+ hxg4+ 52. hxg4+ Kg6 53. Ke4 Kf6 54. g5+ Ke6 55. f5+ Kf7 56. Ke5 Ke7 57. g6 Kf8 58. Kf6 Kg8 59. g7 Kh7 60. Kf7 Kh6 61. g8=Q Kh5 62. Qg3 1-0


[Site "https://www.chess.com"]

[Event "Titled Tuesday Blitz July 4 Early 2023"]
[White "Yelisieiev, Yevhenii"]
[Black "Fisabilillah, Ummi"]
[WhiteFideId "14139642"]
[BlackFideId "7104804"]
[WhiteElo "2526"]
[BlackElo "2369"]
[Result "1-0"]
[Round "6"]
[TimeControl "180+2"]
[Date "2023.07.04"]
[WhiteClock "0:00:20"]
[BlackClock "0:00:28"]
[Board "140"]

1. d4 Nf6 2. Nf3 d5 3. c3 c6 4. g3 Bf5 5. Bg2 Nbd7 6. O-O e6 7. a4 a5 8. Qb3 Qb6 9. Nbd2 Bd6 10. h3 h6 11. Ne1 O-O 12. Nd3 Qxb3 13. Nxb3 e5 14. dxe5 Nxe5 15. Nxe5 Bxe5 16. Be3 Rfe8 17. Bd4 Bc2 18. Bxe5 Rxe5 19. Nd4 Be4 20. Bxe4 Nxe4 21. e3 Nd2 22. Rfd1 Nc4 23. b3 Nb6 24. Kf1 Kf8 25. Ke2 g6 26. Kd3 h5 27. h4 Re7 28. Re1 Nd7 29. b4 Ne5+ 30. Kc2 Nc4 31. Reb1 Ree8 32. b5 c5 33. Nb3 b6 34. Rd1 Rad8 35. Nd2 Ne5 36. Nf1 Ng4 37. Rd2 Re7 38. Rad1 Red7 39. e4 Nf6 40. exd5 Nxd5 41. Kb3 Ke7 42. Re2+ Kf8 43. Red2 Ke7 44. Nh2 Nf6 45. Nf3 Rxd2 46. Rxd2 Rxd2 47. Nxd2 Ng4 48. f3 Ne5 49. f4 Ng4 50. Nc4 Nf6 51. Nxb6 Ne4 52. Nc4 Nxg3 53. Nxa5 Ne2 54. Nb7 Nxf4 55. a5 Kd7 56. Nxc5+ Kc7 57. b6+ Kb8 58. a6 Nd5 59. Nd7+ Kc8 60. b7+ 1-0


[Site "https://www.chess.com"]

[Event "Titled Tuesday Blitz July 4 Early 2023"]
[White "Ahn, Hongjin"]
[Black "only_strong_moves"]
[WhiteFideId "13201492"]
[WhiteElo "2369"]
[BlackElo "2526"]
[Result "1-0"]
[Round "6"]
[TimeControl "180+2"]
[Date "2023.07.04"]
[WhiteClock "0:00:02"]
[BlackClock "0:01:34"]
[Board "141"]

1. d4 d5 2. c4 dxc4 3. Nf3 Nf6 4. e3 e6 5. Bxc4 c5 6. O-O a6 7. dxc5 Qxd1 8. Rxd1 Bxc5 9. b3 Ke7 10. Bb2 b5 11. Be2 Nbd7 12. Nc3 Bb7 13. Rac1 Rac8 14. h3 h6 15. Nd4 Rhd8 16. Kf1 Nb6 17. Bf3 Bxd4 18. Bxb7 Rc7 19. Bxa6 Bxc3 20. Rxd8 Kxd8 21. Rxc3 Ra7 22. Bxb5 Rxa2 23. Rc2 Ra5 24. Bc4 Ke7 25. Ke2 Nfd7 26. Bc3 Ra7 27. Bxg7 f6 28. Bxh6 e5 29. g4 e4 30. g5 Nxc4 31. bxc4 f5 32. h4 Ne5 33. h5 Nf3 34. Kf1 Ra1+ 35. Kg2 Rg1+ 36. Kh3 Rh1+ 37. Kg3 Rxh5 38. Kf4 Rh4+ 39. Kxf5 Rg4 40. c5 Rh4 41. c6 Ne1 42. c7 Nxc2 43. c8=Q Nxe3+ 44. fxe3 Rf4+ 45. Kxf4 1-0


[Site "https://www.chess.com"]

[Event "Titled Tuesday Blitz July 4 Early 2023"]
[White "Barbot, Pierre"]
[Black "Kuzmin, Roman"]
[WhiteFideId "663727"]
[BlackFideId "44134932"]
[WhiteElo "2368"]
[BlackElo "2524"]
[Result "0-1"]
[Round "6"]
[TimeControl "180+2"]
[Date "2023.07.04"]
[WhiteClock "0:00:00"]
[BlackClock "0:00:30"]
[Board "142"]

1. d4 Nf6 2. Nf3 e6 3. Bf4 d5 4. e3 c5 5. c3 Nc6 6. Nbd2 Bd6 7. Bg3 O-O 8. Bd3 Re8 9. Ne5 Bxe5 10. dxe5 Nd7 11. f4 f5 12. Qh5 Qe7 13. Bh4 Qf7 14. Qxf7+ Kxf7 15. g4 g6 16. Rg1 Nf8 17. Nf3 h6 18. O-O-O b6 19. gxf5 exf5 20. Bb5 Bb7 21. Rxd5 Ne7 22. Bxe8+ Rxe8 23. Rd6 Bxf3 24. Rf6+ Kg7 25. e6 Nd5 26. Rf7+ Kg8 27. Rxa7 Rxe6 28. Rf1 Rxe3 29. c4 Nxf4 30. Kd2 Rd3+ 31. Kc2 g5 32. Bg3 Be4 33. Bxf4 Ra3+ 34. Kd2 Rxa7 35. Be5 Ng6 36. Bc3 Rxa2 37. Ke3 Ra7 38. Rd1 Kf7 39. Rd8 Re7 40. Rb8 Bd5+ 41. Kf2 Bxc4 42. Rxb6 Re6 43. Rb7+ Ne7 0-1


[Site "https://www.chess.com"]

[Event "Titled Tuesday Blitz July 4 Early 2023"]
[White "Rozhkov, Viacheslav"]
[Black "David, Bogdan-Emanuel"]
[WhiteFideId "4181484"]
[BlackFideId "1229907"]
[WhiteElo "2368"]
[BlackElo "2524"]
[Result "1-0"]
[Round "6"]
[TimeControl "180+2"]
[Date "2023.07.04"]
[WhiteClock "0:00:02"]
[BlackClock "0:00:45"]
[Board "143"]

1. e4 c5 2. Nf3 Nc6 3. d4 cxd4 4. Nxd4 e5 5. Nb5 d6 6. c4 Be7 7. N1c3 a6 8. Na3 Be6 9. Be3 Bg5 10. Nc2 Bxe3 11. Nxe3 Nge7 12. Bd3 Nd4 13. O-O Rc8 14. Rc1 O-O 15. Ncd5 Bxd5 16. exd5 Qa5 17. a3 b5 18. cxb5 axb5 19. Rxc8 Rxc8 20. f4 Qb6 21. Kh1 b4 22. fxe5 dxe5 23. axb4 Qxb4 24. Bxh7+ Kf8 25. Qh5 f6 26. Nf5 Qc4 27. Rg1 Qxd5 28. Nxe7 Kxe7 29. Qg6 Ne6 30. Qg3 Rb8 31. Bf5 Ng5 32. h4 Rh8 33. Bh3 Nf7 34. Qxg7 Rxh4 35. Kh2 Qd4 36. Qg3 Rf4 37. Rc1 Ng5 38. Qa3+ Kf7 39. Rc7+ Kg6 40. Qe7 Nxh3 41. Qh7+ Kg5 42. Rg7# 1-0


[Site "https://www.chess.com"]

[Event "Titled Tuesday Blitz July 4 Early 2023"]
[White "Adireddy Arjun"]
[Black "Bethke, Richard"]
[WhiteFideId "25647709"]
[BlackFideId "12959243"]
[WhiteElo "2367"]
[BlackElo "2524"]
[Result "0-1"]
[Round "6"]
[TimeControl "180+2"]
[Date "2023.07.04"]
[WhiteClock "0:00:04"]
[BlackClock "0:02:25"]
[Board "144"]

1. e4 c6 2. d4 d5 3. Nc3 dxe4 4. Nxe4 Nf6 5. Nxf6+ exf6 6. c3 Bd6 7. Bd3 O-O 8. Ne2 h5 9. Qc2 Nd7 10. O-O c5 11. Be3 cxd4 12. Nxd4 Ne5 13. Be2 Ng4 14. Bxg4 hxg4 15. Rad1 Qc7 16. g3 a6 17. Nf5 Be5 18. Qe4 g6 19. Nh6+ Kg7 20. Nxg4 Bf5 21. Qf3 Rh8 22. Nxe5 Qxe5 23. Bd4 Be4 24. Bxe5 Bxf3 25. Bxf6+ Kxf6 26. Rd6+ Kg7 27. h4 g5 28. Re1 gxh4 29. Re3 Bc6 30. Rd4 hxg3 31. Rxg3+ Kf8 32. f3 Re8 33. Rd2 Re1+ 34. Kf2 Rhh1 35. Kg2 Reg1+ 36. Kf2 Rh2+ 37. Kxg1 Rxd2 0-1


[Site "https://www.chess.com"]

[Event "Titled Tuesday Blitz July 4 Early 2023"]
[White "Nithyalakshmi, Sivanesan"]
[Black "Shvedova, Alexandra"]
[WhiteFideId "5706955"]
[BlackFideId "54154782"]
[WhiteElo "2366"]
[BlackElo "2522"]
[Result "0-1"]
[Round "6"]
[TimeControl "180+2"]
[Date "2023.07.04"]
[WhiteClock "0:00:00"]
[BlackClock "0:01:13"]
[Board "145"]

1. e4 c5 2. Nc3 Nc6 3. Bb5 Nd4 4. Nf3 a6 5. Bd3 Nc6 6. O-O g6 7. b3 Bg7 8. Bb2 d6 9. Re1 Nf6 10. h3 O-O 11. Bf1 Qc7 12. d4 cxd4 13. Nxd4 b5 14. Rc1 Bb7 15. Nd5 Nxd5 16. exd5 Nxd4 17. Bxd4 Rfe8 18. Bxg7 Kxg7 19. Qd4+ Kg8 20. c4 Qa5 21. Re2 Rac8 22. Rce1 Rc7 23. Qh4 f6 24. Re6 Bc8 25. R6e2 bxc4 26. bxc4 Qc3 27. Re3 Qd2 28. Bd3 Qxa2 29. Rg3 Kg7 30. Qf4 Qa5 31. Re2 Qa1+ 32. Kh2 a5 33. h4 e5 34. dxe6 Rxe6 35. Rxe6 Bxe6 36. Qxd6 Qe5 37. Qd8 Rd7 0-1


[Site "https://www.chess.com"]

[Event "Titled Tuesday Blitz July 4 Early 2023"]
[White "Novikov, Evgenij"]
[Black "Goswami, Vedant"]
[WhiteFideId "4125380"]
[BlackFideId "5003725"]
[WhiteElo "2520"]
[BlackElo "2360"]
[Result "0-1"]
[Round "6"]
[TimeControl "180+2"]
[Date "2023.07.04"]
[WhiteClock "0:00:05"]
[BlackClock "0:01:29"]
[Board "146"]

1. e4 c6 2. d3 g6 3. f4 Bg7 4. Nf3 d5 5. Be2 dxe4 6. dxe4 Qxd1+ 7. Bxd1 Nf6 8. e5 Nd5 9. O-O O-O 10. a3 Nd7 11. c4 N5b6 12. Nbd2 f6 13. Re1 fxe5 14. fxe5 Nc5 15. Bc2 Bf5 16. Bxf5 Rxf5 17. Re3 Rd8 18. b4 Nd3 19. c5 Na4 20. g4 Rf4 21. Re4 Rxe4 22. Nxe4 Nxe5 23. Nxe5 Bxe5 24. Rb1 Rd4 25. Nf2 Nc3 26. Rb2 Nd1 27. Rd2 Rxd2 28. Bxd2 Bd4 29. Be1 Kf7 30. Kg2 Nxf2 31. Bxf2 Bxf2 32. Kxf2 Ke6 33. Ke3 Kd5 34. Kd3 g5 35. h3 e5 36. Ke3 e4 37. a4 a6 38. a5 Ke5 39. Kf2 Kf4 40. Ke2 e3 41. Ke1 Kf3 42. Kf1 Kg3 43. Ke2 Kxh3 0-1


[Site "https://www.chess.com"]

[Event "Titled Tuesday Blitz July 4 Early 2023"]
[White "Rabineau, Clement"]
[Black "Liu, Casper"]
[WhiteFideId "628891"]
[BlackFideId "1454153"]
[WhiteElo "2358"]
[BlackElo "2519"]
[Result "0-1"]
[Round "6"]
[TimeControl "180+2"]
[Date "2023.07.04"]
[WhiteClock "0:00:08"]
[BlackClock "0:01:58"]
[Board "147"]

1. e4 a6 2. d4 g6 3. c4 Bg7 4. f4 d6 5. Nc3 h5 6. Nf3 Bg4 7. Be3 Nc6 8. Be2 e5 9. fxe5 dxe5 10. d5 Bxf3 11. Bxf3 Nd4 12. O-O c5 13. dxc6 bxc6 14. Qa4 Ne7 15. Nd5 O-O 16. Nxe7+ Qxe7 17. Bxd4 exd4 18. Qxc6 d3 19. Rad1 Rfd8 20. e5 Rac8 21. Qxa6 Bxe5 22. Bd5 Rxd5 23. cxd5 Qh4 24. g3 Qd4+ 25. Kh1 Qe4+ 26. Kg1 Bd4+ 27. Rf2 Bxf2+ 28. Kxf2 Rc2+ 0-1


[Site "https://www.chess.com"]